 Dungeon Crawl Stone Soup version 0.30-a0-1176-gcdfb0321a8 (webtiles) character file.

Game seed: 11161336064867460444

518 Rrauwl the Grasshopper (level 7, -9/35 HPs)
             Began as a Spriggan Warper on Apr 30, 2023.
             Was an Initiate of Dithmenos.
             Killed from afar by Dowan (14 damage)
             ... with a stone arrow
             ... on level 4 of the Dungeon.
             The game lasted 00:15:08 (3434 turns).

Rrauwl the Grasshopper (Spriggan Warper)            Turns: 3434, Time: 00:15:09

Health: -9/35      AC:  3    Str:  7    XL:     7   Next: 1%
Magic:  14/14      EV: 19    Int: 16    God:    Dithmenos [......]
Gold:   93         SH:  0    Dex: 15    Spells: 8/14 levels left

rFire   . . .        i - +0 rapier
rCold   . . .        (no shield)
rNeg    . . .        b - +1 robe
rPois   .            (helmet restricted)
rElec   .            (no cloak)
rCorr   .            (gloves unavailable)
SInv    +            (boots unavailable)
Will    +....        (no amulet)
Stlth   ++           (no ring)
HPRegen 0.25/turn    (no ring)
MPRegen 0.14/turn

%: no passive effects
@: very quick
A: very small, no large weapons, unfitting armour, see invisible, speed 3
a: Renounce Religion


You were on level 4 of the Dungeon.
You worshipped Dithmenos.
Dithmenos was noncommittal.
You visited 1 branch of the dungeon, and saw 4 of its levels.

You collected 133 gold pieces.
You spent 40 gold pieces at shops.

Inventory:

Hand Weapons
 i - a +0 rapier (weapon)
Missiles
 d - 6 boomerangs of dispersal (quivered)
Armour
 b - a +1 robe (worn)
Wands
 a - a wand of flame (2)
Scrolls
 c - a scroll of blinking
 e - a scroll of identify
 h - a scroll of teleportation
Potions
 f - a potion of attraction
 g - a potion of cancellation


   Skills:
 - Level 2.0 Fighting
 + Level 4.4 Short Blades
 - Level 1.0 Throwing
 + Level 5.9 Dodging
 - Level 2.0 Stealth
 - Level 4.0 Spellcasting
 - Level 6.0 Translocations
 + Level 2.1 Transmutations
 + Level 1.5 Ice Magic


You had 8 spell levels left.
You knew the following spells:

 Your Spells              Type           Power      Damage    Failure   Level
a - Blink                 Tloc           44%        N/A       2%          2
b - Ice Form              Ice/Tmut       9%         N/A       61%         4

Your spell library contained the following spells:

 Spells                   Type           Power      Damage    Failure   Level
 Lesser Beckoning         Tloc           44%        N/A       2%          2
 Teleport Other           Tloc           22%        N/A       4%          3
 Vhi's Electric Charge    Tloc/Air       24%        N/A       14%         3
 Manifold Assault         Tloc           22%        N/A       14%         4
 Magic Dart               Conj           12%        1d3       17%         1
 Searing Ray              Conj           6%         2d4       26%         2
 Frozen Ramparts          Ice            16%        1d3       26%         3
 Summon Ice Beast         Ice/Summ       5%         N/A       77%         4
 Animate Armour           Summ/Erth      6%         N/A       86%         4
 Fulminant Prism          Conj/Hex       1%         3d5       86%         4
 Blade Hands              Tmut           5%         N/A       89%         5
 Fireball                 Conj/Fire      1%         3d3       99%         5
 Iskenderun's Battlesphe  Conj           3%         2d6       99%         5
 Conjure Ball Lightning   Conj/Air       1%         3x3d6     100%        6
 Iron Shot                Conj/Erth      1%         9d1       100%        6
 Orb of Destruction       Conj           1%         9d5       100%        7


Dungeon Overview and Level Annotations

Branches:
Dungeon (4/15)
 Temple: D:4-7

Altars:
Dithmenos
Qazlal
Uskayaw
Wu Jian

Shops:
D:4 (

Annotations:
D:4 Dowan


Innate Abilities, Weirdness & Mutations

You are very small and have problems with some larger weapons.
You are too small for most types of armour.
You have supernaturally acute eyesight. (SInv)
You cover ground extremely quickly. (Speed+++)


Message History

Duvessa completely misses you.
You barely miss Duvessa.
Duvessa is almost dead.
Duvessa barely misses you.
Dowan casts a spell.
Dowan blinks!
You hit Duvessa but do no damage.
Duvessa is almost dead.
Duvessa completely misses you.
Aiming: Throw Flame
Press: ? - help, Shift-Dir - straight line, f/p - Duvessa
Aim: Duvessa, wielding a +0 short sword and wearing a +0 scale mail (almost dead, 77% to hit)
The puff of flame hits Duvessa but does no damage.
Duvessa is almost dead.
You hit Duvessa but do no damage.
Duvessa is almost dead.
Duvessa hits you with a +0 short sword.
* * * LOW HITPOINT WARNING * * *
Aiming: Throw Flame
Press: ? - help, Shift-Dir - straight line, f/p - Duvessa
Aim: Duvessa, wielding a +0 short sword and wearing a +0 scale mail (almost dead, 77% to hit)
The puff of flame hits Duvessa.
You kill Duvessa!
Dithmenos accepts your kill.
Dowan screams, "No!
Oh no!"
Dowan seems to find hidden reserves of power!
Dowan hits you with a +2 dagger of venom.
* * * LOW HITPOINT WARNING * * *
Your Transmutations skill increases to level 2!
You have reached level 7!
Okay, then.
You completely miss Dowan.
Dowan is lightly wounded.
Dowan barely misses you.
You barely miss Dowan.
Dowan is lightly wounded.
Dowan misses you. Dowan gestures at you while chanting.
The stone arrow hits you!
You die...

#.##....########......
#..............'......
##############.######.....e
#..........................
#........#.................
#........##.######.......).
#........##...... ##


You could see Dowan (fast).

Vanquished Creatures
  Sigmund (D:3)
  Menkaure (D:4)
  Duvessa (D:4)
  An orc priest (D:3)
  Jessica (D:2)
  2 adders
  An ufetubus (D:3)
  A worm (D:4)
  A dart slug (D:3)
  4 orcs (D:3)
  4 endoplasms
  A giant cockroach (D:2)
  6 hobgoblins
  2 jackals (D:1)
  8 kobolds
  A quokka (D:1)
  5 ball pythons
  5 bats
  5 frilled lizards
  6 goblins
  4 rats
61 creatures vanquished.

Notes
Turn   | Place    | Note
-------+----------+-------------------------------------------
     0 | D:1      | Rrauwl the Spriggan Warper began the quest for the Orb.
     0 | D:1      | Reached XP level 1. HP: 10/10 MP: 5/5
   311 | D:1      | Reached XP level 2. HP: 11/15 MP: 6/6
   511 | D:1      | Learned a level 2 spell: Blink
  1264 | D:2      | Reached XP level 3. HP: 13/18 MP: 8/8
  1432 | D:2      | Reached skill level 5 in Translocations
  1463 | D:2      | Noticed Jessica
  1471 | D:2      | Killed Jessica
  1472 | D:2      | Reached XP level 4. HP: 23/23 MP: 9/9
  1825 | D:3      | Reached skill level 1 in Stealth
  2009 | D:3      | Found a hide-covered altar of Uskayaw.
  2038 | D:3      | Found a stormy altar of Qazlal.
  2137 | D:3      | Noticed Sigmund
  2144 | D:3      | Killed Sigmund
  2145 | D:3      | Reached skill level 5 in Dodging
  2145 | D:3      | Reached skill level 6 in Translocations
  2145 | D:3      | Reached XP level 5. HP: 26/26 MP: 9/11
  2145 | D:3      | Reached XP level 6. HP: 30/30 MP: 9/12
  2674 | D:4      | Noticed Menkaure
  2760 | D:4      | Found Xuops's Weapon Shoppe.
  2771 | D:4      | Learned a level 4 spell: Ice Form
  2773 | D:4      | Bought a +0 rapier for 40 gold pieces
  2810 | D:4      | Killed Menkaure
  2811 | D:4      | Reached skill level 1 in Transmutations
  2811 | D:4      | Reached skill level 1 in Ice Magic
  2915 | D:4      | Noticed Duvessa
  2922 | D:4      | Noticed Dowan
  3302 | D:4      | Found an ornate altar of the Wu Jian Council.
  3311 | D:4      | Found a shadowy altar of Dithmenos.
  3315 | D:4      | Became a worshipper of Dithmenos the Shadowed
  3432 | D:4      | Killed Duvessa
  3433 | D:4      | Reached XP level 7. HP: 5/35 MP: 14/14
  3434 | D:4      | Killed from afar by Dowan

Illustrated notes

Levels and vault maps discovered:
D:1:      minmay_arrival_stone_box, layout_basic,
          amcnicky_mini_rare_corridor_liquid
D:2:      layout_loops_ring, uniq_jessica
D:3:      layout_basic, mainiacjoe_overflow_catwalk_spiral,
          nicolae_kite_square_tiling_tiny, minmay_diced_spiral, uniq_sigmund
D:4:      layout_basic, mainiacjoe_overflow_swirl, serial_shops,
          kennysheep_little_box, nicolae_shop_real_fake_doors,
          nicolae_lakefront_shop, shop, uniq_duvessa, uniq_menkaure

Skill      XL: |  1  2  3  4  5  6 |
---------------+-------------------+-----
Spellcasting   | 3 4 |  4.0
Fighting       | 2 |  2.0
Translocations | 5 6 |  6.0
Short Blades   | 3 4 |  4.4
Dodging        | 4 5 |  5.9
Stealth        | 2 |  2.0
Transmutations | 2 |  2.1
Ice Magic      | 1 |  1.5
Throwing       | |  1.0

Action                     |  1- 3 |  4- 6 |  7- 9 || total
---------------------------+-------+-------+-------++-------
  Melee: Short sword       |   126 |    90 |       ||   216
         Punch             |     1 |       |       ||     1
         Rapier            |       |    32 |     2 ||    34
  Throw: Boomerang         |       |     1 |       ||     1
  Evoke: Wand              |       |    17 |       ||    17
    Use: Potion            |     1 |     7 |       ||     8
         Scroll            |       |    10 |       ||    10
   Stab: Sleeping          |     3 |     1 |       ||     4
 Armour: Robe              |     8 |     4 |       ||    12
  Dodge: Dodged            |    74 |    91 |     2 ||   167

Table legend: (Time is in decaauts)
 A = Elapsed time spent in this place.
 B = Non-inter-level travel time spent in this place.
 C = Inter-level travel time spent in this place.
 D = Time resting spent in this place.
 E = Time spent auto-exploring this place.
 F = Levels seen in this place.
 G = Mean time per level.
                   A        B        C        D        E       F      G
               +--------+--------+--------+--------+--------+-----+--------+
         Total |   2432 |   2384 |     48 |    165 |   1634 |   4 |  608.0 |
       Dungeon |   2432 |   2384 |     48 |    165 |   1634 |   4 |  608.0 |
               +--------+--------+--------+--------+--------+-----+--------+

Top non-repeatable levels by time:
     D:3: 759 daAuts
     D:1: 665 daAuts
     D:2: 551 daAuts
     D:4: 457 daAuts
